 Dungeon Crawl Stone Soup version 0.23-b1-13-gf37ab262a9 (webtiles) character file.

Game seed: 6873548315242121557

491 Majang the Chopper (level 6, -10/49 HPs)
             Began as a Demonspawn Gladiator on Feb 3, 2019.
             Splashed by Ijyb's acid (12 damage)
             ... on level 3 of the Dungeon.
             The game lasted 00:11:10 (2850 turns).

Majang the Chopper (Demonspawn Gladiator)           Turns: 2850, Time: 00:11:14

Health: -10/49     AC:  3    Str: 21    XL:     6   Next: 91%
Magic:  6/6        EV: 12    Int: 10    God:
Gold:   149        SH:  0    Dex: 14    Spells: 5/5 levels left

rFire    + . .     SeeInvis .   w - +2 hand axe (chop)
rCold    . . .     Gourm    .   (no shield)
rNeg     . . .     Faith    .   t - +1 ring mail {rF+}
rPois    .         Spirit   .   c - +0 helmet
rElec    .         Reflect  .   (no cloak)
rCorr    .         Harm     .   (no gloves)
MR       .....                  (no boots)
Stlth    +.........             (no amulet)
HPRegen  0.16/turn              (no ring)
MPRegen  0.10/turn              (no ring)

@: mighty, corroded
A: powered by pain 1, sturdy frame 1
a: no special abilities


You were on level 3 of the Dungeon.
You were not hungry.

You visited 1 branch of the dungeon, and saw 3 of its levels.

You collected 149 gold pieces.

Inventory:

Hand Weapons
 a - a +0 war axe
 w - a +2 hand axe of chopping (weapon)
Missiles
 o - 71 stones (quivered)
 v - 7 javelins of penetration
Armour
 b - a +0 shield
 c - a +0 helmet (worn)
 g - a +0 plate armour
 s - a +0 chain mail
 t - a +1 ring mail of fire resistance (worn)
Scrolls
 d - a scroll of noise {unknown}
 e - 2 scrolls of remove curse {unknown}
 h - 4 scrolls of identify {unknown}
 l - 2 scrolls of teleportation {unknown}
 m - a scroll of magic mapping {unknown}
 p - 2 scrolls of immolation {unknown}
Potions
 i - 3 potions of curing {unknown}
 j - a potion of flight {unknown}
 n - 2 potions of agility {unknown}
 r - a potion of heal wounds {unknown}
 u - a potion of invisibility {unknown}
Comestibles
 f - 10 rations
 q - 11 chunks of flesh


   Skills:
 + Level 4.5 Fighting
 * Level 6.1 Axes
 - Level 1.7 Throwing
 - Level 2.6 Dodging


You had 5 spell levels left.
You didn't know any spells.
Your spell library was empty.

Dungeon Overview and Level Annotations

Branches:
Dungeon (3/15)

Altars:
Elyvilon
Vehumet
Xom

Annotations:
D:3 Ijyb


Innate Abilities, Weirdness & Mutations

You sometimes gain a little power by taking damage.
Your movements are slightly less encumbered by armour. (ER -2)


Message History

Grinder gestures at you. You resist with significant effort.
You slash Grinder!
Grinder is severely wounded.
Grinder barely misses you.
You slash Grinder!
Grinder is almost dead.
Grinder blinks!
Grinder gestures at you. Pain shoots through your body!
You closely miss Grinder.
Grinder is almost dead.
Grinder hits you.
You slash Grinder!
You kill Grinder!
Your Axes skill increases to level 6!
You completely miss Ijyb.
Ijyb zaps a wand.
The bolt of acid hits you!!
* * * LOW HITPOINT WARNING * * *
The acid corrodes you!
You are splashed with acid!
You die...

#............ #.#
#####.#....###
#%###.....#.####
##.##.....##.#
..#.......#.######
#.................
#.#.......#######.
#.##.....## #.
####@###...## #.
#...g.....## ##
#.##.###### #. #.#
.. ... .# .#..
....# #. ... ## ##


You could see Ijyb.

Vanquished Creatures
  Grinder (D:3)
  A bullfrog (D:1)
  3 orc wizards
  A gnoll (D:1)
  3 adders
  An ooze (D:2)
  A worm (D:2)
  A dart slug (D:1)
  3 leopard geckos
  5 orcs
  2 ball pythons (D:1)
  6 giant cockroaches
  6 goblins
  9 hobgoblins
  12 jackals
  2 quokkas
  6 bats
  3 frilled lizards
  8 kobolds
  6 rats
80 creatures vanquished.

Notes
Turn   | Place    | Note
-------+----------+-------------------------------------------
     0 | D:1      | Majang the Demonspawn Gladiator began the quest for the
                  | Orb.
     0 | D:1      | Reached XP level 1. HP: 16/16 MP: 1/1
   269 | D:1      | Reached skill level 3 in Axes
   344 | D:1      | Gained mutation: You sometimes gain a little power by
                  | taking damage. [demonic ancestry]
   344 | D:1      | Reached XP level 2. HP: 14/22 MP: 2/2
  1183 | D:1      | Gained mutation: Your movements are slightly less
                  | encumbered by armour. (ER -2) [demonic ancestry]
  1183 | D:1      | Reached XP level 3. HP: 28/28 MP: 3/3
  1408 | D:2      | Noticed a bullfrog
  1427 | D:1      | Killed a bullfrog
  1427 | D:1      | Reached skill level 4 in Axes
  1427 | D:1      | Reached XP level 4. HP: 11/35 MP: 4/4
  1692 | D:2      | Found a shimmering altar of Xom.
  1692 | D:2      | Found a shimmering altar of Xom.
  1693 | D:2      | Found a shimmering altar of Xom.
  1694 | D:2      | Found a shimmering altar of Xom.
  1694 | D:2      | Found a shimmering altar of Xom.
  1922 | D:2      | Reached XP level 5. HP: 38/41 MP: 5/5
  2575 | D:2      | Reached skill level 5 in Axes
  2686 | D:3      | Found a radiant altar of Vehumet.
  2720 | D:3      | Found a white marble altar of Elyvilon.
  2723 | D:3      | Reached XP level 6. HP: 48/48 MP: 6/6
  2839 | D:3      | Noticed Grinder
  2839 | D:3      | Noticed Ijyb
  2850 | D:3      | Killed Grinder
  2850 | D:3      | Reached skill level 6 in Axes
  2850 | D:3      | HP: 2/49 [Ijyb/wand of acid (11) (19)]
  2850 | D:3      | Splashed by Ijyb's acid

Skill      XL: |  1  2  3  4  5  6 |
---------------+-------------------+-----
Axes           | 3 4 5 6 |  6.1
Fighting       | 3 4 |  4.5
Throwing       | |  1.7
Dodging        | |  2.6

Action                   |  1- 3 |  4- 6 || total
-------------------------+-------+-------++-------
Melee: War axe           |   101 |   102 ||   203
       Hand axe          |       |    61 ||    61
Throw: Throwing net      |     5 |       ||     5
       Stone             |       |     3 ||     3
  Use: Potion            |       |     1 ||     1
 Stab: Sleeping          |     1 |       ||     1
  Eat: Chunk             |     2 |     5 ||     7
Armor: Leather armour    |    21 |       ||    21
       Plate armour      |    29 |    11 ||    40
       Chain mail        |       |    32 ||    32
       Ring mail         |       |    45 ||    45
Dodge: Dodged            |    71 |    96 ||   167
